 Dungeon Crawl Stone Soup version 0.23.0-3-gf3c87f2 (webtiles) character file.

Game seed: 10301577160144483498

8333 sking99 the Nimble (level 11, -1/90 HPs)
             Began as an Octopode Transmuter on Feb 24, 2019.
             Was an Elder of Okawaru.
             Slain by a minotaur
             ... wielding the +8 mithril axe "Arga" {speed, MR+}
              (37 damage)
             ... in a Gauntlet.
             The game lasted 00:34:55 (15205 turns).

sking99 the Nimble (Octopode Transmuter)           Turns: 15205, Time: 00:34:56

Health: -1/90      AC:  7    Str: 13    XL:     11   Next: 29%
Magic:  13/18      EV: 18    Int: 18    God:    Okawaru [****..]
Gold:   749        SH:  0    Dex: 14    Spells: 10/20 levels left

rFire    x . .     SeeInvis +     - Unarmed
rCold    + + +     Gourm    .   (shield currently unavailable)
rNeg     . . .     Faith    .   (helmet currently unavailable)
rPois    +         Spirit   .   (no amulet)
rElec    .         Reflect  .   E - ring "Supav" {Str+4 SInv}
rCorr    +         Harm     .   g - ring of resist corrosion
MR       .....     NoTele   +   (no ring)
Stlth    +++.......             (no ring)
HPRegen  0.25/turn              (no ring)
MPRegen  0.16/turn              (no ring)
                                (no ring)
                                (no ring)

@: ice-form, heroism
A: large, almost no armour, stealthy swim, amphibious, 8 rings, (constrict 8)
a: End Transformation, Heroism, Renounce Religion


You were in a Gauntlet.
You worshipped Okawaru.
Okawaru was greatly pleased with you.
You were near starving.
You were a creature of crystalline ice.
You visited 3 branches of the dungeon, and saw 13 of its levels.
You also visited: Sewer and Gauntlet.

You collected 749 gold pieces.

Inventory:

Missiles
 a - 70 arrows
Armour
 v - the -4 hat "Hoerph" (melded) {Str+7 Int+4}
   (You found it in a Gauntlet)

   It affects your strength (+7).
   It affects your intelligence (+4).
 C - a +0 hat
 D - a +0 large shield
Jewellery
 g - a ring of resist corrosion (right front paw)
 E - the ring "Supav" (left front paw) {Str+4 SInv}
   (You found it in a Gauntlet)

   [ring of see invisible]

   It affects your strength (+4).
   It lets you see invisible.
Wands
 n - a wand of acid (8)
 x - a wand of disintegration (8)
 A - a wand of flame (25)
Scrolls
 d - a scroll of enchant armour {unknown}
 h - a scroll of brand weapon {unknown}
 k - 9 scrolls of teleportation
 l - 6 scrolls of remove curse
 r - 3 scrolls of fear
 s - a scroll of magic mapping
 t - a scroll of vulnerability {unknown}
 y - a scroll of fog
Potions
 b - 2 potions of degeneration
 e - 2 potions of invisibility
 f - a potion of cancellation
 i - 3 potions of curing
 j - 2 potions of haste
 m - 6 potions of lignification
 o - a potion of mutation
 p - 2 potions of flight
 q - 3 potions of might
 u - 2 potions of heal wounds
 w - a potion of agility
 z - a potion of resistance {unknown}
 B - a potion of ambrosia {unknown}
Comestibles
 c - 19 rations


   Skills:
 + Level 7.5(12.5) Fighting
 + Level 9.2(14.2) Dodging
 * Level 9.1(14.1) Unarmed Combat
 - Level 5.0 Spellcasting
 - Level 6.0 Transmutations
 - Level 5.0 Ice Magic
 - Level 2.2 Poison Magic


You had 10 spell levels left.
You knew the following spells:

 Your Spells              Type           Power        Failure   Level  Hunger
a - Beastly Appendage     Tmut           ####..       1%          1    None
b - Sticks to Snakes      Tmut           ####....     1%          2    #......
c - Spider Form           Tmut/Pois      ###.......   8%          3    ##.....
d - Ice Form              Ice/Tmut       ###.....     14%         4    ####...

Your spell library contained the following spells:

 Spells                   Type           Power        Failure   Level  Hunger
 Freeze                   Ice            ###.         1%          1    None
 Throw Frost              Conj/Ice       ##....       7%          2    #......
 Confusing Touch          Hex            #.....       13%         1    None
 Ozocubu's Armour         Chrm/Ice       ##......     14%         3    ##.....
 Blade Hands              Tmut           ####......   30%         5    ######.
 Confuse                  Hex            #.......     36%         3    ##.....
 Gell's Gravitas          Tloc           #.........   36%         3    ##.....
 Petrify                  Tmut/Erth      ###.....     36%         4    ####...
 Summon Ice Beast         Ice/Summ       ##......     43%         4    ####...
 Throw Icicle             Conj/Ice       ##......     43%         4    ####...
 Yara's Violent Unravell  Hex/Tmut       ###.......   71%         5    ######.
 Metabolic Englaciation   Hex/Ice        ##........   78%         5    ######.


Dungeon Overview and Level Annotations

Branches:
Dungeon (11/15)            Temple (1/1) D:5            Lair (1/6) D:10
    Orc: D:9-12

Altars:
Ashenzari
Cheibriados
Dithmenos
Elyvilon
Fedhas
Gozag
Hepliaklqana
Kikubaaqudgha
Makhleb
Nemelex Xobeh
Okawaru
Qazlal
Ru
Sif Muna
Trog
Uskayaw
Vehumet
Wu Jian
Xom
Yredelemnul
Zin
The Shining One

Shops:
D:6 ?   D:9 ?

Annotations:
Gauntlet 6 transporters, 21 runed translucent doors, exclusion: orange crystal statue


Innate Abilities, Weirdness & Mutations

You cannot wear most types of armour.
You are very stealthy in the water. (Stealth+)
You are amphibious.
You can wear up to eight rings at the same time.
((You can use your tentacles to constrict eight enemies at once.))
((Your skin changes colour to match your surroundings (Stealth+).))
((Your rubbery body absorbs attacks. (AC +1, EV +1)))


Message History

You gain the combat prowess of a mighty hero.
The minotaur throws a javelin.
The javelin hits you.
You see here a javelin.
The minotaur hits you with the +8 mithril axe "Arga" {speed, MR+}!!
The minotaur gores you but does no damage.
You see here a javelin.
Okay, then.
You hit the minotaur.
The minotaur is lightly wounded.
The minotaur misses you. The minotaur gores you!
You hit the minotaur but do no damage.
The minotaur is lightly wounded.
You hit the minotaur but do no damage.
The minotaur is lightly wounded.
The minotaur hits you with the +8 mithril axe "Arga" {speed, MR+}!!
The minotaur barely misses you.
You pummel the minotaur!!
The minotaur is moderately wounded.
The minotaur hits you with the +8 mithril axe "Arga" {speed, MR+}!!!
You die...

#=. #8. #[. #### #8. #.8### #..
#....# #8. #..#.# .#..##H##..#.#
.......Y.....# .#.##.#.##.#.#
#.#... #....#.#
###.#.#######.#.###
#≈...............≈# ###
#8.8.8..©.©..8.8.8# ### #8#
#≈...............≈# #8#
###############################
#≈............≈∩≈............≈###


You could see a minotaur.

Vanquished Creatures
  2 two-headed ogres
  Pikel (D:9)
  An obsidian statue (Gauntlet)
  An ice devil (Gauntlet)
  A komodo dragon (D:10)
  2 hippogriffs (D:9)
  A basilisk (Lair:1)
  5 humans (D:9)
  2 wyverns (D:10)
  2 swamp worms (Gauntlet)
  A water moccasin (Lair:1)
  A porcupine (Lair:1)
  4 orc warriors
  An ice beast (D:7)
  A black bear (D:6)
  A sky beast (D:7)
  A slave (D:9)
  A phantom (D:5)
  An eye of draining (D:9)
  6 ogres
  4 centaurs
  4 big kobolds (Sewer)
  3 bullfrogs
  5 killer bees (D:10)
  3 scorpions
  4 electric eels (D:8)
  5 crimson imps
  A bullfrog zombie (D:11)
  A quasit (D:7)
  A hound (D:7)
  An orc priest (D:7)
  Crazy Yiuf (D:2)
  3 jellies
  10 orc wizards
  A centaur skeleton (D:4)
  Terence (D:2)
  2 iguanas
  5 worker ants
  A killer bee zombie (D:6)
  A mummy (D:11)
  Robin (D:2)
  3 gnolls (D:9)
  14 adders
  3 shadow imps
  3 white imps (Gauntlet)
  3 oozes (Sewer)
  An adder zombie (D:5)
  An adder skeleton (D:4)
  9 worms
  8 leopard geckos
  40 orcs
  4 ball pythons
  2 bat zombies (D:5)
  12 giant cockroaches
  17 goblins
  12 hobgoblins
  6 jackals
  11 kobolds
  4 quokkas
  5 bats
  7 frilled lizards
  A quokka skeleton (D:4)
  11 rats
  3 rat zombies (D:5)
274 creatures vanquished.

Vanquished Creatures (collateral kills)
  A troll (D:9)
1 creature vanquished.

Vanquished Creatures (others)
  2 slaves (D:9)
  An orc (D:9)
  6 demonic plants (Gauntlet)
  2 fungi (Lair:1)
  2 plants
13 creatures vanquished.

Grand Total: 288 creatures vanquished

Notes
Turn   | Place    | Note
-------+----------+-------------------------------------------
     0 | D:1      | sking99 the Octopode Transmuter began the quest for the
                  | Orb.
     0 | D:1      | Reached XP level 1. HP: 13/13 MP: 3/3
   356 | D:1      | Reached XP level 2. HP: 18/18 MP: 5/5
   372 | D:1      | Learned a level 2 spell: Sticks to Snakes
  1039 | D:2      | Reached XP level 3. HP: 18/23 MP: 4/6
  1166 | D:2      | Noticed Terence
  1428 | D:2      | Learned a level 3 spell: Spider Form
  1429 | D:2      | Noticed Robin
  1446 | D:2      | Killed Robin
  1446 | D:2      | Reached skill level 1 in Poison Magic
  1457 | D:2      | Reached XP level 4. HP: 18/28 MP: 5/7
  1627 | D:2      | Found a runed translucent door.
  1628 | D:2      | Noticed Crazy Yiuf
  1871 | D:2      | Killed Crazy Yiuf
  2034 | D:2      | Killed Terence
  2034 | D:2      | Reached XP level 5. HP: 12/34 MP: 1/8
  2412 | D:3      | Found a glowing drain.
  2429 | Sewer    | Entered a sewer
  2619 | Sewer    | Noticed a big kobold
  2619 | Sewer    | Noticed a big kobold
  2640 | Sewer    | Killed a big kobold
  2640 | Sewer    | Reached XP level 6. HP: 32/42 MP: 4/9
  3169 | Sewer    | Reached skill level 5 in Unarmed Combat
  3339 | Sewer    | Reached XP level 7. HP: 48/48 MP: 10/10
  4087 | D:3      | Found a white marble altar of Elyvilon.
  4089 | D:3      | Found a shadowy altar of Dithmenos.
  4089 | D:3      | Found a bloodstained altar of Trog.
  4091 | D:3      | Found a shadowy altar of Dithmenos.
  4091 | D:3      | Found a shimmering altar of Xom.
  4091 | D:3      | Found a shattered altar of Ashenzari.
  4456 | D:4      | Found a blossoming altar of Fedhas.
  4692 | D:4      | Reached skill level 5 in Fighting
  5105 | D:5      | Entered Level 5 of the Dungeon
  5339 | D:5      | Reached XP level 8. HP: 43/57 MP: 8/11
  5413 | D:5      | Learned a level 4 spell: Ice Form
  5516 | D:5      | Found an ancient bone altar of Kikubaaqudgha.
  6230 | D:5      | Found a staircase to the Ecumenical Temple.
  6241 | Temple   | Entered the Ecumenical Temple
  6430 | Temple   | Became a worshipper of Warmaster Okawaru
  7540 | D:6      | Reached * piety under Okawaru
  7950 | D:6      | Found Gem Simes's Magic Scroll Shoppe.
  8174 | D:7      | Reached XP level 9. HP: 49/63 MP: 12/12
  8769 | D:7      | Reached skill level 5 in Dodging
  9513 | D:8      | Reached ** piety under Okawaru
 10227 | D:8      | Found a bloodstained altar of Trog.
 10233 | D:8      | Found a hazy altar of Hepliaklqana.
 10235 | D:8      | Found a hide-covered altar of Uskayaw.
 10263 | D:8      | Reached skill level 1 in Ice Magic
 10403 | D:8      | You fall through a shaft for 3 floors!
 10472 | D:11     | Noticed a troll
 10485 | D:10     | Entered Level 10 of the Dungeon
 10902 | D:10     | Found a staircase to the Lair.
 11038 | D:9      | Reached XP level 10. HP: 18/71 MP: 10/14
 11045 | D:9      | Reached *** piety under Okawaru
 11418 | D:9      | Noticed Pikel
 11454 | D:9      | Killed Pikel
 11742 | D:9      | Found Vosch's Magic Scroll Shoppe.
 11850 | D:9      | Noticed a two-headed ogre
 11877 | D:9      | Killed a two-headed ogre
 11877 | D:9      | Reached **** piety under Okawaru
 11877 | D:9      | Reached skill level 5 in Transmutations
 12311 | D:8      | Found a snail-covered altar of Cheibriados.
 12529 | D:10     | Noticed a two-headed ogre
 12541 | D:10     | Killed a two-headed ogre
 12961 | D:10     | Reached XP level 11. HP: 70/75 MP: 14/18
 13660 | D:10     | Reached skill level 5 in Spellcasting
 14182 | D:10     | Reached skill level 5 in Ice Magic
 14319 | D:11     | Noticed a cyclops
 14389 | Lair:1   | Entered Level 1 of the Lair of Beasts
 14563 | Lair:1   | Found a gate leading to a gauntlet.
 14572 | Gauntlet | Entered a Gauntlet
 14572 | Gauntlet | Found a transporter.
 14572 | Gauntlet | Found a transporter.
 14572 | Gauntlet | Found a transporter.
 14572 | Gauntlet | Found a transporter.
 14593 | Gauntlet | Found a transporter.
 14595 | Gauntlet | Found a large runed translucent door.
 14596 | Gauntlet | Found a large runed translucent door.
 14597 | Gauntlet | Found a large runed translucent door.
 14597 | Gauntlet | Found a large runed translucent door.
 14597 | Gauntlet | Found a runed translucent door.
 14597 | Gauntlet | Found a runed translucent door.
 14598 | Gauntlet | Found a large runed translucent door.
 14599 | Gauntlet | Found a large runed translucent door.
 14599 | Gauntlet | Found a large runed translucent door.
 14599 | Gauntlet | Found a large runed translucent door.
 14600 | Gauntlet | Found a large runed translucent door.
 14601 | Gauntlet | Found a large runed translucent door.
 14602 | Gauntlet | Found a large runed translucent door.
 14602 | Gauntlet | Found a large runed translucent door.
 14603 | Gauntlet | Found a large runed translucent door.
 14603 | Gauntlet | Found a large runed translucent door.
 14603 | Gauntlet | Found a large runed translucent door.
 14603 | Gauntlet | Found a large runed translucent door.
 14606 | Gauntlet | Found a runed translucent gate.
 14606 | Gauntlet | Found a runed translucent gate.
 14606 | Gauntlet | Found a runed translucent gate.
 14608 | Gauntlet | Found a transporter.
 14612 | Gauntlet | Found a transporter.
 14624 | Gauntlet | Noticed an orange crystal statue
 14625 | Gauntlet | Found a transporter.
 14646 | Gauntlet | Found a transporter.
 14646 | Gauntlet | Noticed an obsidian statue
 14666 | Gauntlet | Found a transporter.
 14668 | Gauntlet | Found a transporter.
 14682 | Gauntlet | Found a transporter.
 14962 | Gauntlet | Got a faintly glowing amber ring
 14965 | Gauntlet | Identified the ring "Supav" {Str+4 SInv} (You found it in a
                  | Gauntlet)
 14985 | Gauntlet | Noticed a sixfirhy
 14989 | Gauntlet | Killed an obsidian statue
 14991 | Gauntlet | Got an ancient hat
 15048 | Gauntlet | Identified the -4 hat "Hoerph" {Str+7 Int+4} (You found it
                  | in a Gauntlet)
 15193 | Gauntlet | Noticed a minotaur
 15205 | Gauntlet | Slain by a minotaur

Skill      XL: |  1  2  3  4  5  6  7  8  9 10 11 |
---------------+----------------------------------+-----
Poison Magic   | 1 2 |  2.2
Transmutations | 3 4 5 6 |  6.0
Fighting       | 2 3 4 5 6 7 |  7.5
Unarmed Combat | 4 5 6 7 8 9 |  9.1
Dodging        | 3 6 8 9 |  9.2
Ice Magic      | 2 4 5 |  5.0
Spellcasting   | 3 4 5 |  5.0

Action                   |  1- 3 |  4- 6 |  7- 9 | 10-12 || total
-------------------------+-------+-------+-------+-------++-------
Melee: Unarmed           |    82 |   154 |   420 |   227 ||   883
       Constrict         |    24 |    24 |    41 |     6 ||    95
       Kick              |    12 |     3 |       |       ||    15
       Tentacles         |    10 |    20 |    38 |    11 ||    79
       Punch             |     1 |     4 |    14 |     3 ||    22
 Cast: Beastly Appendage |    14 |     1 |       |       ||    15
       Sticks to Snakes  |       |     5 |     1 |    12 ||    18
       Spider Form       |       |     8 |    31 |    13 ||    52
       Ice Form          |       |       |       |     8 ||     8
Invok: Heroism           |       |       |     3 |    11 ||    14
  Use: Scroll            |       |     3 |    13 |     6 ||    22
       Potion            |       |       |     3 |       ||     3
 Stab: Sleeping          |     3 |     5 |    13 |     2 ||    23
       Distracted        |       |       |     2 |       ||     2
  Eat: Chunk             |     2 |     4 |    22 |    11 ||    39
       Ration            |       |     1 |     2 |     1 ||     4
Armor: Skin              |     6 |    11 |    20 |    12 ||    49
Dodge: Dodged            |    47 |    87 |   292 |   234 ||   660
